 Dungeon Crawl Stone Soup version 0.18.1-6-gd335043 (webtiles) character file.

522 M4edhros the Cleaver (level 7, 0/57 HPs)
             Began as a Minotaur Berserker on May 20, 2016.
             Was a Believer of Trog.
             Slain by a rat zombie (2 damage)
             ... on level 6 of the Dungeon.
             The game lasted 00:03:48 (900 turns).

M4edhros the Cleaver (Minotaur Berserker)            Turns: 900, Time: 00:03:48

Health: 0/57       AC:  6    Str: 21    XL:     7   Next: 2%
Magic:  6/6        EV: 11    Int:  4    God:    Trog [**....]
Gold:   152        SH:  0    Dex: 12    Spells: 0 memorised, 6 levels left

rFire  + . .     SeeInvis .     p - +1 battleaxe (flame)
rCold  x . .     Gourm    .     e - +0 ring mail (curse)
rNeg   . . .     Faith    .     (shield currently unavailable)
rPois  .         Spirit   .     (helmet restricted)
rElec  .         Dismiss  +     (no cloak)
rCorr  .         Reflect  .     i - +0 pair of gloves
SustAt .         Harm     .     (no boots)
MR     ++...                    m - amulet of dismissal
Stlth  +.........               h - ring of fire
                                j - ring of flight

@: exhausted, about to teleport, regenerating, very resistant to hostile
enchantments, very unstealthy
A: retaliatory headbutt, horns 2
a: Berserk, Trog's Hand, Burn Spellbooks, Renounce Religion, Evoke Flight


You were on level 6 of the Dungeon.
You worshipped Trog.
Trog was pleased with you.
You were not hungry.

You visited 1 branch of the dungeon, and saw 6 of its levels.

You collected 152 gold pieces.

Inventory:

Hand Weapons
 a - a +0 hand axe
 p - a +1 battleaxe of flaming (weapon)
Armour
 b - a +0 animal skin
 e - a cursed +0 ring mail (worn)
 f - a cursed +0 scale mail
 i - a +0 pair of gloves (worn)
 k - a +0 plate armour
Jewellery
 h - a ring of fire (right hand)
 j - a ring of flight (left hand)
 m - an amulet of dismissal (around neck)
Wands
 n - a wand of disintegration (13/24)
Scrolls
 d - 2 scrolls of identify
 l - a scroll of fog {unknown}
Comestibles
 c - a chunk of flesh
 g - 3 meat rations


   Skills:
 - Level 3.6 Fighting
 + Level 9.6 Axes
 - Level 2.4 Armour
 - Level 2.1 Dodging


You had 6 spell levels left.
You didn't know any spells.

Dungeon Overview and Level Annotations

Branches:
Dungeon (6/15)
 Temple: D:4-7

Altars:

Portals:
Ossuary: D:6

Annotations:
D:6 Prince Ribbit


Innate Abilities, Weirdness & Mutations

You reflexively headbutt those who attack you in melee.
You have a pair of horns on your head.


Message History

* * * LOW HITPOINT WARNING * * *
Prince Ribbit hits you but does no damage.
Prince Ribbit hits you.
* * * LOW HITPOINT WARNING * * *
The rat zombie closely misses you.
Unknown command.
Read which item? (? for menu, Esc to quit)
As you read the scroll of teleportation, it crumbles to dust.
You feel strangely unstable.
You feel the effects of Trog's Hand fading.
Prince Ribbit blinks!
The quokka zombie closely misses you. Prince Ribbit completely misses you.
The rat zombie barely misses you. The quokka zombie bites you.
* * * LOW HITPOINT WARNING * * *
Unknown command.
You feel yourself speed up. Prince Ribbit hits you!
* * * LOW HITPOINT WARNING * * *
The rat zombie bites you.
You die...

#....# #....# ##
##....######..#
##.....F.......#
#......###.###.#
###....# #.#.#
#....<.#.#.#.#
###....#..ZZ.#
##...#..F@.#
###F...#######
#...##..... #
#.#######.#
######.# ..
.......######. #
..............
...........###
#..........#


You could see Prince Ribbit, a rat zombie and a quokka zombie.

Vanquished Creatures
  An ice beast (D:6)
  An ogre (D:5)
  3 wights (D:6)
  A giant frog zombie (D:6)
  An orc priest (D:6)
  Terence (D:3)
  An orc wizard (D:6)
  A hound zombie (D:6)
  2 hound skeletons (D:6)
  4 adders
  An adder skeleton (D:4)
  A dart slug (D:3)
  2 giant geckos (D:6)
  6 orcs (D:6)
  4 goblins
  A hobgoblin (D:3)
  4 jackals (D:4)
  4 bats
  A giant newt (D:6)
  A quokka skeleton (D:4)
41 creatures vanquished.

Notes
Turn   | Place    | Note
--------------------------------------------------------------
     0 | D:1      | M4edhros the Minotaur Berserker began the quest for the Orb.
     0 | D:1      | Reached XP level 1. HP: 19/19 MP: 0/0
   255 | D:2      | Reached skill level 4 in Axes
   312 | D:2      | Reached XP level 2. HP: 26/26 MP: 1/1
   347 | D:3      | Reached skill level 5 in Axes
   372 | D:3      | Reached XP level 3. HP: 30/31 MP: 2/2
   381 | D:3      | Noticed Terence
   389 | D:3      | Killed Terence
   417 | D:3      | Reached XP level 4. HP: 33/39 MP: 3/3
   443 | D:4      | Reached skill level 6 in Axes
   448 | D:4      | Reached ** piety under Trog
   544 | D:5      | Entered Level 5 of the Dungeon
   586 | D:5      | Noticed an ogre
   592 | D:5      | Killed an ogre
   592 | D:5      | Reached skill level 7 in Axes
   592 | D:5      | Reached XP level 5. HP: 45/45 MP: 4/4
   708 | D:6      | Reached skill level 8 in Axes
   708 | D:6      | Reached XP level 6. HP: 51/51 MP: 5/5
   797 | D:6      | Noticed an ice beast
   803 | D:6      | Killed an ice beast
   803 | D:6      | Reached skill level 9 in Axes
   855 | D:6      | Reached XP level 7. HP: 37/57 MP: 6/6
   869 | D:6      | Noticed Prince Ribbit
   890 | D:6      | Found a sand-covered staircase.
   900 | D:6      | HP: 2/57 [Prince Ribbit (7)]
   900 | D:6      | Slain by a rat zombie

Skill      XL: |  1  2  3  4  5  6 |
---------------+-------------------+-----
Axes           | 4 5 7 8 9 |  9.6
Fighting       | |  3.6
Armour         | |  2.4
Dodging        | |  2.1

Action                   |  1- 3 |  4- 6 |  7- 9 || total
-------------------------+-------+-------+-------++-------
Melee: Hand axe          |    27 |    28 |       ||    55
       Headbutt          |     5 |    11 |       ||    16
       Battleaxe         |       |    22 |     5 ||    27
Invok: Berserk           |       |     3 |     1 ||     4
       Trog's Hand       |       |       |     1 ||     1
  Use: Scroll            |     1 |     2 |     1 ||     4
  Eat: Bread ration      |       |     1 |       ||     1
Armor: Ring mail         |    14 |    19 |     1 ||    34
       Animal skin       |     1 |       |       ||     1
Dodge: Dodged            |    24 |    32 |     8 ||    64
